 Dungeon Crawl Stone Soup version 0.30-a0-989-g0d87f670db (webtiles) character file.

Game seed: 13182218856559287565

977 mopl the Cleaver (level 7, 0/52 HPs)
             Began as a Demonspawn Fighter on Apr 3, 2023.
             Succumbed to a gnoll sergeant's poison
             ... on level 5 of the Dungeon.
             The game lasted 00:04:50 (4352 turns).

mopl the Cleaver (Demonspawn Fighter)               Turns: 4352, Time: 00:04:50

Health: 0/52       AC:  9    Str: 18    XL:     7   Next: 95%
Magic:  7/7        EV: 10    Int: 15    God:
Gold:   308        SH:  5    Dex: 17    Spells: 6/6 levels left

rFire   . . .      SeeInvis .    a - +0 war axe
rCold   . . .      Faith    .    c - +0 buckler
rNeg    . . .      Spirit   .    u - +4 ring mail "Elao" {Dex+4 Stlth+}
rPois   .          Reflect  .    (helmet restricted)
rElec   .          Rampage  .    (no cloak)
rCorr   .                        (no gloves)
Will    .....                    (no boots)
Stlth   ++                       (no amulet)
HPRegen 0.28/turn                r - +6 ring of intelligence
MPRegen 0.10/turn                (no ring)

@: lethally poisoned (0 -> -16)
A: hooves 1, horns 1, foul stench 1, powered by death 1
a: no special abilities


You were on level 5 of the Dungeon.
You visited 1 branch of the dungeon, and saw 5 of its levels.

You collected 308 gold pieces.

Inventory:

Hand Weapons
 a - a +0 war axe (weapon)
 k - a +1 quarterstaff of speed
Missiles
 t - 3 poisoned darts (quivered)
Armour
 c - a +0 buckler (worn)
 u - the +4 ring mail "Elao" (worn) {Dex+4 Stlth+}
   (You found it on level 5 of the Dungeon)

   Dex:       It affects your dexterity (+4).
   Stlth:     It makes you more stealthy.
Jewellery
 r - a +6 ring of intelligence (left hand)
Scrolls
 e - 2 scrolls of immolation {unknown}
 n - 3 scrolls of teleportation {unknown}
 q - a scroll of poison {unknown}
 s - a scroll of identify
Potions
 d - a potion of might
 f - a potion of lignification {!q}
 g - a potion of berserk rage {!q}
 h - 2 potions of mutation {!q}
 i - 2 potions of haste
 j - 3 potions of flight {unknown}
 l - a potion of cancellation {unknown}
 m - a potion of invisibility {unknown}
 o - 2 potions of brilliance
 p - 2 potions of curing


   Skills:
 - Level 3.0 Fighting
 + Level 8.6 Axes
 - Level 2.6 Armour
 - Level 2.6 Shields


You had 6 spell levels left.
You didn't know any spells.
Your spell library was empty.

Dungeon Overview and Level Annotations

Branches:
Dungeon (5/15)
 Temple: D:4-7

Altars:
Ashenzari
Nemelex Xobeh
Vehumet

Annotations:
D:2 1 runed translucent door, Crazy Yiuf


Innate Abilities, Weirdness & Mutations

You have large cloven feet.
You have a pair of small horns on your head.
You may rarely emit foul miasma when damaged in melee.
You regenerate a little health from kills.


Message History

The gnoll sergeant completely misses you.
The gnoll closely misses you.
The gnoll hits you with a +1 whip of pain.
You barely miss the gnoll. You kick the gnoll.
The gnoll is heavily wounded.
You slash the gnoll! You block the gnoll sergeant's attack.
The gnoll hits you but does no damage. The gnoll closely misses you.
You block the gnoll sergeant's attack.
The gnoll hits you with a +1 whip of pain.
You writhe in agony.
The gnoll barely misses you. The gnoll hits you with a +0 club.
You hit the gnoll but do no damage. Your kick misses the gnoll.
The gnoll is severely wounded.
You hit the gnoll. You slash the gnoll!
The gnoll sergeant hits you but does no damage.
You are poisoned.
You block the gnoll's attack. The gnoll hits you with a +0 club.
The gnoll hits you with a +1 whip of pain.
You closely miss the gnoll.
The gnoll is almost dead.
You closely miss the gnoll. You hit the gnoll.
You feel very sick.
The gnoll sergeant hits you from afar with a +3 spear of venom!
You are lethally poisoned!
The gnoll hits you but does no damage. You block the gnoll's attack.
The gnoll hits you with a +1 whip of pain.
You are too injured to fight recklessly!
Unknown command.
Unknown command.
You slash the gnoll!
You kill the gnoll!
You closely miss the gnoll. x2
* * * LOW HITPOINT WARNING * * *
You feel very sick.
The gnoll sergeant hits you from afar with a +3 spear of venom.
* * * LOW HITPOINT WARNING * * *
You block the gnoll's attack.
The gnoll hits you with a +1 whip of pain.
* * * LOW HITPOINT WARNING * * *
You die...

...# #.....#.# ..
#.# ######..####.#
#.## #.# .......##
#.####...# #.#
.......# #........#
#.# .......#
#..###.[# #.#
.......#
#.......##### #.#
......##
##..........# #.#
.####.# ####.g......
..#.# ......#
#@g..##.# #.#.##
.....## #g.......
#.#... ......#
#...##.## ###.###.
##....# #...# ..
..#.# #. ....#
#...#. . #.#.# #.
....# ....#.. #
#.#.# #. #......
#####.#...#.#.#!###.
..
#...#.#...#.#.#.....
.. ####.#.#
#........#####


You could see a gnoll sergeant and 2 gnolls.

Vanquished Creatures
  A water moccasin (D:5)
  A black bear (D:4)
  7 scorpions
  A vampire bat (D:3)
  A jelly (D:4)
  A hound (D:5)
  2 gnolls (D:5)
  6 adders
  A shadow imp (D:5)
  3 ufetubi
  3 worms (D:2)
  3 dart slugs
  3 fire bats (D:3)
  3 orcs (D:3)
  2 spectral bats (D:3)
  3 bat skeletons (D:3)
  A bat zombie (D:3)
  6 endoplasms
  7 giant cockroaches
  2 goblins (D:4)
  7 hobgoblins
  4 jackals (D:2)
  4 quokkas
  2 ball pythons (D:1)
  15 bats
  A bat simulacrum (D:3)
  5 frilled lizards
  8 kobolds
103 creatures vanquished.

Vanquished Creatures (others)
  2 plants (D:3)
2 creatures vanquished.

Grand Total: 105 creatures vanquished

Notes
Turn   | Place    | Note
-------+----------+-------------------------------------------
     0 | D:1      | mopl the Demonspawn Fighter began the quest for the Orb.
     0 | D:1      | Reached XP level 1. HP: 18/18 MP: 1/1
    72 | D:1      | Reached skill level 2 in Axes
   115 | D:1      | Found a faded altar of an unknown god.
   432 | D:1      | Gained mutation: You regenerate a little health from kills.
                  | [demonic ancestry]
   432 | D:1      | Reached XP level 2. HP: 24/24 MP: 2/2
   870 | D:2      | Reached skill level 3 in Axes
   870 | D:2      | Discovered your monstrous ancestry.
   870 | D:2      | Gained mutation: You have large cloven feet. [demonic
                  | ancestry]
   870 | D:2      | Reached XP level 3. HP: 11/29 MP: 3/3
  1554 | D:2      | Found a runed translucent door.
  1555 | D:2      | Noticed Crazy Yiuf
  1787 | D:3      | Gained mutation: You may rarely emit foul miasma when
                  | damaged in melee. [demonic ancestry]
  1787 | D:3      | Reached XP level 4. HP: 35/35 MP: 4/4
  1791 | D:3      | Reached skill level 4 in Axes
  2044 | D:3      | Reached skill level 5 in Axes
  2044 | D:3      | Reached XP level 5. HP: 41/41 MP: 5/5
  2505 | D:4      | Found a sparkling altar of Nemelex Xobeh.
  2507 | D:4      | Found a radiant altar of Vehumet.
  2629 | D:4      | Noticed a black bear
  2641 | D:4      | Killed a black bear
  2642 | D:4      | Reached skill level 6 in Axes
  2642 | D:4      | Gained mutation: You have a pair of small horns on your
                  | head. [demonic ancestry]
  2642 | D:4      | Reached XP level 6. HP: 31/47 MP: 6/6
  2887 | D:4      | Found a broken altar of Ashenzari.
  3203 | D:5      | Entered Level 5 of the Dungeon
  3264 | D:5      | Reached skill level 7 in Axes
  3264 | D:5      | Reached XP level 7. HP: 46/52 MP: 7/7
  3812 | D:5      | Reached skill level 8 in Axes
  4028 | D:5      | Identified the +4 ring mail "Elao" {Dex+4 Stlth+}
  4352 | D:5      | Succumbed to a gnoll sergeant's poison

Illustrated notes

Levels and vault maps discovered:
D:1:      heliophobic_arrival_glass_houses, layout_basic, serial_glass,
          glass_columns_b, glass_columns_c, basic_ecumenical_altar
D:2:      layout_loops_cross, uniq_crazy_yiuf_cottage
D:3:      layout_rooms, serial_bayou, serial_bayou_lagoon_b,
          serial_bayou_shore_b, serial_bayou_pond_b, serial_bayou_lagoon_a,
          goddamned_bats
D:4:      layout_basic, mainiacjoe_overflow_brackets,
          grunt_temple_overflow_open, minivault_4
D:5:      layout_basic

Skill      XL: |  1  2  3  4  5  6  7 |
---------------+----------------------+-----
Axes           | 2 3 5 6 7 8 |  8.6
Fighting       | |  3.0
Armour         | |  2.6
Shields        | |  2.6

Action                     |  1- 3 |  4- 6 |  7- 9 || total
---------------------------+-------+-------+-------++-------
  Melee: War axe           |   114 |   107 |    64 ||   285
         Kick              |    15 |    19 |    12 ||    46
         Headbutt          |       |     1 |     8 ||     9
    Use: Scroll            |       |     6 |     1 ||     7
 Armour: Scale mail        |    50 |    94 |    30 ||   174
         Ring mail         |       |       |     4 ||     4
  Dodge: Dodged            |    49 |    69 |    46 ||   164
  Block: Buckler           |    26 |    47 |    26 ||    99

Table legend: (Time is in decaauts)
 A = Elapsed time spent in this place.
 B = Non-inter-level travel time spent in this place.
 C = Inter-level travel time spent in this place.
 D = Time resting spent in this place.
 E = Time spent auto-exploring this place.
 F = Levels seen in this place.
 G = Mean time per level.
                   A        B        C        D        E       F      G
               +--------+--------+--------+--------+--------+-----+--------+
         Total |   4460 |   4367 |     93 |    593 |   3024 |   5 |  892.0 |
       Dungeon |   4460 |   4367 |     93 |    593 |   3024 |   5 |  892.0 |
               +--------+--------+--------+--------+--------+-----+--------+

Top non-repeatable levels by time:
     D:5: 1162 daAuts
     D:2: 834 daAuts
     D:3: 829 daAuts
     D:4: 818 daAuts
     D:1: 816 daAuts
